 Dungeon Crawl Stone Soup version 0.18-a0-1350-g404b4cb (webtiles) character file.

210 MrTails the Skirmisher (level 5, -7/34 HPs)
             Began as a Gargoyle Fighter on Feb 18, 2016.
             Killed by divine providence
             ... invoked by an orc priest
              (13 damage)
             ... on level 4 of the Dungeon.
             The game lasted 00:03:28 (2174 turns).

MrTails the Skirmisher (Gargoyle Fighter)           Turns: 2174, Time: 00:03:29

Health: -7/34      AC: 15    Str: 21    XL:     5   Next: 87%
Magic:  5/5        EV:  2    Int:  8    God:
Gold:   173        SH: 14    Dex:  9    Spells: 0 memorised, 4 levels left

rFire  . . .     SeeInvis .     a - +0 war axe
rCold  . . .     Gourm    .     x - +0 plate armour
rNeg   + . .     Faith    .     w - +0 large shield
rPois  ∞         Spirit   .     (no helmet)
rElec  +         Dismiss  .     (no cloak)
rCorr  .         Reflect  .     (no gloves)
SustAt .         Harm     .     (no boots)
MR     .....                    (no amulet)
Stlth  ..........               (no ring)
                                (no ring)

@: not resistant to hostile enchantments, extremely unstealthy
A: negative energy resistance 1, electricity resistance, unbreathing,
petrification resistance, rot immunity, AC +4
a: no special abilities


You were on level 4 of the Dungeon.
You were not hungry.

You visited 1 branch of the dungeon, and saw 4 of its levels.

You collected 173 gold pieces.

Inventory:

Hand Weapons
 a - a +0 war axe (weapon)
Armour
 b - a +0 scale mail
 c - a +0 shield
 w - a +0 large shield (worn)
 x - a +0 plate armour (worn)
Jewellery
 i - an uncursed ring of ice {unknown}
 t - a cursed ring of teleportation {unknown}
Scrolls
 e - 2 scrolls of random uselessness {unknown}
 g - 3 scrolls of magic mapping {unknown}
 j - a scroll of enchant weapon {unknown}
 m - 8 scrolls of identify {unknown}
 n - 2 scrolls of teleportation {unknown}
 r - a scroll of blinking {unknown}
 s - 2 scrolls of recharging {unknown}
 u - a scroll of remove curse {unknown}
Potions
 d - a potion of might
 f - a potion of heal wounds {unknown}
 h - a potion of flight {unknown}
 l - a potion of agility
 o - 2 potions of cure mutation {unknown}
 p - a potion of berserk rage {unknown}
 v - 4 potions of curing {unknown}
 z - a potion of magic {unknown}
Comestibles
 k - 2 meat rations
 q - a slice of pizza


   Skills:
 + Level 4.4 Fighting
 * Level 3.4 Axes
 + Level 3.9 Armour
 - Level 0.4 Dodging
 + Level 4.4 Shields


You had 4 spell levels left.
You didn't know any spells.

Dungeon Overview and Level Annotations

Branches:
Dungeon (4/15)
 Temple: D:4-7

Altars:
Ashenzari
Fedhas
Gozag
Ru
Yredelemnul
Zin
The Shining One


Innate Abilities, Weirdness & Mutations

You are resistant to torment.
Your stone body is resilient (AC +4).
You are immune to poison.
You resist negative energy.
You are resistant to electric shocks.
You can survive without breathing.
You are immune to petrification.
You are immune to rotting.


Message History

You slash the orc!
You kill the orc!
Your shield and plate armour prevent you from hitting the giant gecko.
Your shield and plate armour prevent you from hitting the orc.
You hear the slow rusting of a distant drain.
The orc hits you but does no damage. You block the giant gecko's attack.
The orc priest hits you but does no damage.
You block the orc's attack.
You hit the orc.
The orc is severely wounded.
Your shield and plate armour prevent you from hitting the giant gecko.
The giant gecko bites you but does no damage.
The orc priest mumbles some strange prayers to Beogh against you.
Beogh smites you!
* * * LOW HITPOINT WARNING * * *
The giant gecko bites you but does no damage.
You block the orc's attack.
The orc priest invokes the aid of Beogh against you.
Beogh smites you!
You die...

.. .# ### .# # ..
.#.# ###. .#.#
..o#... #o)l# #$
#@# # #.# #.# .# #
#.# #.##.# # #.#
####...# # #.#
#.....## # #.#
#.##.## ####
###.####...##
...###.......†.#.#
.......#..........#


You could see an orc priest, an orc and a giant gecko.

Vanquished Creatures
  An orc wizard (D:4)
  Jessica (D:3)
  A worker ant (D:4)
  Robin (D:2)
  4 adders
  3 oozes
  A worm (D:2)
  A giant gecko (D:3)
  4 orcs
  2 giant cockroaches (D:2)
  9 hobgoblins
  3 jackals (D:3)
  4 quokkas
  6 bats
  11 goblins
  7 kobolds
  5 rats
64 creatures vanquished.

Notes
Turn   | Place    | Note
--------------------------------------------------------------
     0 | D:1      | MrTails the Gargoyle Fighter began the quest for the Orb.
     0 | D:1      | Reached XP level 1. HP: 14/14 MP: 1/1
    88 | D:1      | Reached XP level 2. HP: 17/19 MP: 2/2
   804 | D:2      | Reached XP level 3. HP: 24/24 MP: 3/3
   806 | D:2      | Noticed Robin
   844 | D:2      | Killed Robin
   873 | D:2      | Reached skill level 4 in Shields
   873 | D:2      | Reached XP level 4. HP: 27/29 MP: 4/4
  1338 | D:2      | Found an opulent altar of Gozag.
  1660 | D:3      | Found a faded altar to an unknown god.
  1756 | D:3      | Reached XP level 5. HP: 30/33 MP: 5/5
  1763 | D:3      | Found a shattered altar of Ashenzari.
  1765 | D:3      | Found a glowing silver altar of Zin.
  1765 | D:3      | Found a sacrificial altar of Ru.
  1765 | D:3      | Found a blossoming altar of Fedhas.
  1767 | D:3      | Found a basalt altar of Yredelemnul.
  1767 | D:3      | Found an opulent altar of Gozag.
  1921 | D:3      | Noticed Jessica
  1939 | D:3      | Killed Jessica
  2117 | D:4      | Found a glowing golden altar of the Shining One.
  2174 | D:4      | Killed from afar by an orc priest

Vault maps used:
D:1:      saegor_arrival_under_anarchy
D:2:      kennysheep_six_static_rooms, grunt_gozag_breadcrumbs, uniq_robin
D:3:      grunt_temple_overflow_open, ecumenical_altar_2, uniq_jessica
D:4:      lemuel_upstairs_altar, overflow_temple_1_default, temple_hall,
          portal_sewer_entry_f

Action                   |  1- 3 |  4- 6 || total
-------------------------+-------+-------++-------
Melee: War axe           |   103 |   150 ||   253
  Eat: Bread ration      |       |     1 ||     1
